 Dungeon Crawl Stone Soup version 0.31-a0-819-gf6de2f5ab6 (webtiles) character file.

Game seed: 17703793524878724943

120 qw the Shooter (level 5, -1/32 HPs)
             Began as a Gargoyle Hunter on Sept 23, 2023.
             Slain by a gnoll
             ... wielding a +0 halberd
              (7 damage)
             ... on level 3 of the Dungeon.
             The game lasted 00:00:50 (2332 turns).

qw the Shooter (Gargoyle Hunter)                    Turns: 2332, Time: 00:00:51

Health: -1/32      AC:  9    Str: 15    XL:     5   Next: 4%
Magic:  5/5        EV: 11    Int:  9    God:
Gold:   974        SH:  0    Dex: 15    Spells: 4/4 levels left

rFire   . . .        Y - +0 shortbow
rCold   . . .        (shield currently unavailable)
rNeg    + . .        d - +0 ring mail
rPois   inf          (no helmet)
rElec   +            (no cloak)
rCorr   .            (no gloves)
SInv    .            (no boots)
Will    .....        (no amulet)
Stlth   +            (no ring)
HPRegen 0.25/turn    (no ring)
MPRegen 0.09/turn

%: no passive effects
@: no status effects
A: sickness immunity, AC +4, negative energy resistance 1, electricity
resistance, torment resistance 1, petrification resistance
a: no special abilities


You were on level 3 of the Dungeon.
You visited 1 branch of the dungeon, and saw 3 of its levels.

You collected 974 gold pieces.


Innate Abilities, Weirdness & Mutations

You are immune to sickness and miasma.
Your stone body is resilient. (AC +4)
You are immune to poison.
You resist negative energy. (rN+)
You are resistant to electric shocks. (rElec)
You are resistant to unholy torment.
You are immune to petrification.


   Skills:
 - Level 3.0 Fighting
 + Level 5.6 Ranged Weapons
 - Level 1.6 Armour
 - Level 1.5 Dodging
 - Level 1.1 Stealth


You had 4 spell levels left.
You didn't know any spells.
Your spell library was empty.

Inventory:

Hand Weapons
 Y - a +0 shortbow (weapon)
Armour
 d - a +0 ring mail (worn)
Scrolls
 a - a scroll of enchant armour
 b - a scroll of identify
Potions
 c - a potion of heal wounds {unknown}
 h - a potion of haste {unknown}
 j - a potion of attraction {unknown}
 k - a potion of curing {unknown}

Dungeon Overview and Level Annotations

Branches:
Dungeon (3/15)

Altars:
Ashenzari
Trog


Message History

The gnoll barely misses you. x2
A gnoll comes into view.
It is wielding a +1 hand axe of draining.
Enter note:
Enter note:
Enter note: You shoot an arrow.
The arrow hits the gnoll.
The gnoll is almost dead.
The gnoll hits you but does no damage.
You shoot an arrow. The arrow hits the gnoll!
You kill the gnoll!
The gnoll closely misses you.
You have reached level 5!
You shoot an arrow.
The arrow hits the goblin but does no damage.
The goblin hits you but does no damage.
The gnoll hits you from afar with a +0 halberd.
You shoot an arrow. The arrow closely misses the goblin.
The arrow hits the gnoll.
The gnoll is moderately wounded.
The gnoll barely misses you. The goblin hits you with a +0 dagger.
The gnoll barely misses you. The goblin hits you but does no damage.
You shoot an arrow. The arrow hits the goblin.
The goblin is moderately wounded.
The goblin barely misses you. The gnoll barely misses you.
You shoot an arrow. The arrow hits the goblin!
You kill the goblin!
The gnoll hits you from afar with a +0 halberd.
You shoot an arrow. The arrow hits the gnoll.
The gnoll is lightly wounded.
The gnoll hits you but does no damage.
The gnoll hits you with a +1 hand axe of draining.
You shoot an arrow. The arrow hits the gnoll!
The gnoll is severely wounded.
The gnoll misses you. x2
You shoot an arrow.
The arrow hits the gnoll but does no damage.
The gnoll is severely wounded.
The gnoll hits you with a +1 hand axe of draining.
The gnoll hits you from afar with a +0 halberd! x2
You die...

..... #......>.... ####
........#. # ........
......# ..... .g. #g#
#.....# #@# #.....## #.#
#...... .# #.#
#.....##.####
####.####............
####.......#............
#.......##.#............
#.##.#####.##.###.......
#....##.................
#######...###....###....


You could see 2 gnolls.

Vanquished Creatures
  Ijyb (D:3)
  2 adders (D:2)
  A gnoll (D:3)
  2 worms (D:2)
  A dart slug (D:2)
  8 bats
  4 endoplasms
  2 giant cockroaches
  3 goblins
  9 hobgoblins
  7 jackals
  3 quokkas
  3 ball pythons
  2 frilled lizards
  2 kobolds
  3 rats
53 creatures vanquished.

Notes
Turn   | Place    | Note
-------+----------+-------------------------------------------
     0 | D:1      | qw the Gargoyle Hunter began the quest for the Orb.
     0 | D:1      | Reached XP level 1. HP: 12/12 MP: 1/1
     0 | D:1      | 0 ||| qw: Version: 0.3-a-83-gcd0e7d8
     0 | D:1      | 0 ||| qw: Game counter: 1357
     0 | D:1      | 0 ||| qw: Melee chars always use a shield: true
     0 | D:1      | 0 ||| qw: God list: Okawaru
     0 | D:1      | 0 ||| qw: Allow faded altars: false
     0 | D:1      | 0 ||| qw: Do Orc after clearing Dungeon:15 true
     0 | D:1      | 0 ||| qw: Do second Lair branch before Depths: true
     0 | D:1      | 0 ||| qw: Lair rune preference: random
     0 | D:1      | 0 ||| qw: Goals: Normal
     0 | D:1      | 0 ||| PLANNING D:1-11
   387 | D:1      | Reached XP level 2. HP: 17/17 MP: 2/2
   921 | D:1      | 921 ||| UPGRADING to +0 ring mail.
   931 | D:1      | 931 ||| DROPPING +0 leather armour.
   932 | D:1      | 932 ||| READING scroll labelled DELE SUYGHE.
   933 | D:1      | 933 ||| READING scroll labelled FOAFEFE MASK.
   934 | D:1      | 934 ||| READING scroll labelled WIBLUEFURPH.
   934 | D:1      | Identified a scroll of acquirement
   934 | D:1      | 934 ||| ACQUIRING 812 gold pieces
   934 | D:1      | Acquired 812 gold pieces
   936 | D:1      | 936 ||| READING scroll labelled YWKYISS FUANGU.
   937 | D:1      | 937 ||| READING scroll labelled CAXTEJ RAYDWUY.
   938 | D:1      | 938 ||| READING scroll labelled GONTORI AHEITU.
   939 | D:1      | 939 ||| DROPPING scroll of butterflies.
   975 | D:2      | Reached XP level 3. HP: 21/21 MP: 3/3
  1000 | D:2      | Reached skill level 1 in Armour
  1081 | D:2      | HP: 5/21 [worm (8)]
  1308 | D:2      | Reached skill level 5 in Ranged Weapons
  1694 | D:2      | Reached XP level 4. HP: 24/27 MP: 4/4
  2074 | D:3      | Reached skill level 3 in Fighting
  2095 | D:3      | Found a broken altar of Ashenzari.
  2103 | D:3      | Found a bloodstained altar of Trog.
  2160 | D:3      | Noticed Ijyb
  2174 | D:3      | Killed Ijyb
  2186 | D:3      | 2186 ||| FLEEEEING.
  2187 | D:3      | 2187 ||| FLEEEEING.
  2188 | D:3      | 2188 ||| FLEEEEING.
  2189 | D:3      | 2189 ||| FLEEEEING.
  2192 | D:3      | 2192 ||| FLEEEEING.
  2326 | D:3      | Reached XP level 5. HP: 32/32 MP: 5/5
  2332 | D:3      | HP: 6/32 [gnoll/+0 halberd (7)]
  2332 | D:3      | Slain by a gnoll

Levels and vault maps discovered:
D:1:      erik_arrival_triangle_small, layout_loops_corners
D:2:      layout_basic, minmay_fractal_squares_gapless_5
D:3:      layout_basic, jmf_multi_god_temple, chequers_ecumenical_altar_grove,
          fountainhead, minmay_pentomino_pile, uniq_ijyb

Skill      XL: |  1  2  3  4 |
---------------+-------------+-----
Armour         | 1 |  1.6
Ranged Weapons | 5 |  5.6
Fighting       | 3 |  3.0
Dodging        | |  1.5
Stealth        | |  1.1

Action                     |  1- 3 |  4- 6 || total
---------------------------+-------+-------++-------
   Fire: Shortbow          |   122 |    73 ||   195
    Use: Scroll            |     6 |       ||     6
 Armour: Leather armour    |    14 |       ||    14
         Ring mail         |    26 |    36 ||    62
  Dodge: Dodged            |    38 |    18 ||    56

Table legend:
 A = Non-vault XP
 B = Vault XP
 C = Vault XP percentage of total XP
 D = Non-vault monster count
 E = Vault monster count
 F = Vault count percentage of total count
                 A         B        C        D         E       F
            +---------+---------+-------+---------+---------+-------
      Total |     117 |      55 |  32.0 |      42 |      11 |  20.8
            +---------+---------+-------+---------+---------+-------
        D:1 |      26 |       0 |   0.0 |      14 |       0 |   0.0
        D:2 |      64 |       9 |  12.3 |      20 |       4 |  16.7
        D:3 |      27 |      46 |  63.0 |       8 |       7 |  46.7
            +---------+---------+-------+---------+---------+-------
